 Dungeon Crawl Stone Soup version 0.17.0-56-gd8de76c (webtiles) character file.

3762 gorblad the Covered (level 9, -7/79 HPs)
             Began as a Demigod Fighter on Dec 4, 2015.
             Mangled by a hill giant
             ... wielding a +0 giant spiked club
              (26 damage)
             ... on level 9 of the Dungeon.
             The game lasted 00:22:30 (8703 turns).

gorblad the Covered (Demigod Fighter)               Turns: 8703, Time: 00:22:30

Health: -7/79      AC: 19    Str: 28      XL:     9   Next: 63%
Magic:  11/11      EV:  6    Int: 12      God:
Gold:   346        SH: 12    Dex: 16 (17) Spells: 0 memorised, 8 levels left

rFire  . . .     SeeInvis .     a - +0 trident
rCold  . . .     Clarity  .     n - +2 plate armour
rNeg   . . .     SustAt   +     c - +0 shield
rPois  +         Gourm    .     l - +1 hat
rElec  .         Spirit   .     (no cloak)
rCorr  .         Warding  .     D - +2 pair of gloves
rMut   .         Stasis   .     (no boots)
MR     .....                    (no amulet)
Stlth  ..........               u - ring of poison resistance
                                f - +3 ring of strength

@: flying, not resistant to hostile enchantments, extremely unstealthy
A: agile 1, high mp 1, sustain attributes
a: no special abilities


You were on level 9 of the Dungeon.
You were hungry.

You visited 1 branch of the dungeon, and saw 9 of its levels.
You also visited: Ossuary.

You collected 346 gold pieces.

Inventory:

Hand Weapons
 a - a +0 trident (weapon)
Armour
 b - a +0 scale mail
 c - a +0 shield (worn)
 l - a +1 hat (worn)
 n - a +2 plate armour (worn)
 x - a +0 helmet
 D - a +2 pair of gloves (worn)
Jewellery
 f - a +3 ring of strength (left hand)
 u - a ring of poison resistance (right hand)
 y - an uncursed ring of protection from fire
 B - an uncursed ring of stealth
 G - an uncursed ring of magical power
 L - an uncursed ring of protection from fire
Wands
 C - a wand of polymorph (7)
 H - a wand of flame (26)
 K - a wand of invisibility (3)
 P - a wand of random effects (18)
 R - a wand of cold (9)
Scrolls
 q - 2 scrolls of blinking
 r - 2 scrolls of remove curse
 v - 2 scrolls of fog
 z - 3 scrolls of teleportation
 E - 2 scrolls of recharging
 M - 2 scrolls of amnesia
 O - a scroll of magic mapping
Potions
 i - 3 potions of brilliance
 p - 2 potions of cancellation
 t - 3 potions of poison
 w - a potion of haste {unknown}
 J - a potion of invisibility {unknown}
 Q - a potion of mutation
Books
 I - a book of Minor Magic

   Spells                             Type                      Level
   a - Magic Dart                     Conjuration                  1
   b - Blink                          Translocation                2
   c - Call Imp                       Summoning                    2
   d - Repel Missiles                 Charms/Air                   2
   e - Slow                           Hexes                        2
   f - Conjure Flame                  Conjuration/Fire             3
   g - Mephitic Cloud                 Conjuration/Poison/Air       3
 N - a Fen Folio

   Spells                             Type                      Level
   a - Corpse Rot                     Necromancy                   2
   b - Stone Arrow                    Conjuration/Earth            3
   c - Leda's Liquefaction            Hexes/Earth                  4
   d - Summon Forest                  Summoning/Translocation      5
   e - Hydra Form                     Transmutation                6
   f - Summon Hydra                   Summoning                    7
Comestibles
 e - 4 bread rations
 j - 15 fruits
 k - 7 meat rations
 m - a beef jerky
 o - 2 royal jellies
 S - 7 slices of pizza


   Skills:
 + Level 7.0 Fighting
 + Level 6.7 Polearms
 + Level 7.2 Armour
 + Level 7.1 Shields


You had 8 spell levels left.
You didn't know any spells.

Dungeon Overview and Level Annotations

Branches:
Dungeon (9/15)             Temple (0/1) D:6
   Lair: D:8-11         Orc: D:9-12


Innate Abilities, Weirdness & Mutations

You have an increased reservoir of magic (+10% MP).
Your attributes are resistant to harm.
You are agile. (Dex +2)


Message History

It was a potion of degeneration.
There was something very wrong with that liquid.
You feel somewhat clumsy.
The wyvern skeleton bites you but does no damage.
The hill giant hits you with a giant spiked club!!
* * * LOW HITPOINT WARNING * * *
You block the wyvern skeleton's attack.
Unknown command.
Drink which item? (? for menu, Esc to quit)
Okay, then.
Drink which item? (? for menu, Esc to quit)
It was a potion of flight.
You feel very buoyant.
You fly up into the air.
The wyvern skeleton bites you but does no damage.
The hill giant hits you but does no damage.
You puncture the wyvern skeleton! You block the wyvern skeleton's attack.
You hit the wyvern skeleton. You block the wyvern skeleton's attack.
The hill giant hits you with a giant spiked club!!
You die...

.## ...## .....##
.......###
.........### #
...........### #..
.......@Z.(..#....
........C.........
..........%.......
................##
................#
####.......######
#.......#
#########


You could see a hill giant and a wyvern skeleton.

Vanquished Creatures
  A hydra (D:8)
  2 yaks (D:8)
  An ice beast (D:5)
  An orc warrior (D:7)
  2 sky beasts
  3 ogres
  4 big kobolds
  The ghost of Yermak the Covert, an amateur OpAs of Ru (D:3)
  2 centaurs
  Blork the orc (D:5)
  3 giant frogs (D:7)
  A scorpion (D:5)
  2 crimson imps
  2 centaur zombies
  2 centaur skeletons
  A giant frog skeleton (D:7)
  2 hounds
  5 orc priests
  2 jellies
  Jessica (D:2)
  4 worker ants
  2 gnoll shamans
  An iguana (D:7)
  2 sheep (D:8)
  2 hound zombies
  3 hound skeletons
  13 mummies
  13 gnolls
  13 adders
  3 shadow imps (D:5)
  An ooze (D:5)
  An adder zombie (D:8)
  2 worms (D:3)
  An adder skeleton (D:5)
  6 giant geckos
  16 orcs
  4 ball pythons
  5 bats
  8 goblins
  8 hobgoblins
  4 jackals
  9 kobolds
  3 quokkas
  5 giant cockroaches
  11 giant newts
  A gnoll skeleton (Ossuary)
  2 goblin skeletons (Ossuary)
  4 kobold skeletons (Ossuary)
  An orc skeleton (Ossuary)
  2 orc zombies (D:4)
  A quokka zombie (D:6)
  7 rats
  11 rat skeletons (Ossuary)
208 creatures vanquished.

Vanquished Creatures (others)
  An orc wizard (D:5)
  2 plants (D:8)
3 creatures vanquished.

Grand Total: 211 creatures vanquished

Notes
Turn   | Place    | Note
--------------------------------------------------------------
     0 | D:1      | gorblad the Demigod Fighter began the quest for the Orb.
     0 | D:1      | Reached XP level 1. HP: 18/18 MP: 3/3
   204 | D:1      | Reached XP level 2. HP: 19/25 MP: 4/4
   231 | D:1      | Reached skill level 3 in Armour
   539 | D:2      | Reached XP level 3. HP: 7/31 MP: 5/5
   937 | D:2      | Noticed Jessica
   942 | D:2      | Killed Jessica
  1064 | D:2      | Reached XP level 4. HP: 38/38 MP: 6/6
  1334 | D:3      | Noticed Yermak's ghost (amateur OpAs)
  1370 | D:3      | Killed Yermak's ghost
  1370 | D:3      | Reached XP level 5. HP: 24/45 MP: 7/7
  2154 | D:3      | Reached skill level 4 in Armour
  2348 | D:4      | Found a sand-covered staircase.
  2360 | Ossuary  | Entered an ossuary
  2577 | Ossuary  | Reached XP level 6. HP: 45/52 MP: 8/8
  3968 | D:5      | Entered Level 5 of the Dungeon
  3981 | D:5      | Reached XP level 7. HP: 35/60 MP: 9/9
  4448 | D:5      | You fall through a shaft for 2 floors!
  4487 | D:7      | Reached skill level 5 in Armour
  4694 | D:7      | Reached skill level 5 in Shields
  4818 | D:7      | Reached skill level 5 in Fighting
  5015 | D:7      | Reached XP level 8. HP: 68/68 MP: 10/10
  5432 | D:6      | Found a staircase to the Ecumenical Temple.
  5547 | D:6      | Reached skill level 5 in Polearms
  6311 | D:6      | Found a deep blue altar of Sif Muna.
  6610 | D:5      | Reached skill level 6 in Armour
  6969 | D:5      | Noticed Blork the orc
  7012 | D:5      | Killed Blork the orc
  7056 | D:5      | Found a snail-covered altar of Cheibriados.
  7616 | D:8      | Reached XP level 9. HP: 75/75 MP: 11/11
  8150 | D:8      | Noticed a two-headed hydra
  8170 | D:8      | Killed a two-headed hydra
  8173 | D:8      | Reached skill level 7 in Armour
  8686 | D:9      | Noticed a hill giant
  8698 | D:9      | Gained mutation: You expend magic power (3 MP) to strengthen your wands. [potion of mutation]
  8698 | D:9      | Lost mutation: You expend magic power (3 MP) to strengthen your wands. [potion of mutation]
  8698 | D:9      | Gained mutation: You are agile. (Dex +2) [potion of mutation]
  8703 | D:9      | Mangled by a hill giant

Action                   |  1- 3 |  4- 6 |  7- 9 || total
-------------------------+-------+-------+-------++-------
Melee: Trident           |   130 |   393 |   507 ||  1030
  Use: Scroll            |     4 |     7 |    13 ||    24
       Potion            |     2 |     1 |    17 ||    20
  Eat: Chunk             |     1 |     4 |    10 ||    15
       Fruit             |       |     2 |       ||     2
       Bread ration      |       |     1 |       ||     1
       Meat ration       |       |       |     1 ||     1
